 Dungeon Crawl Stone Soup version 0.32-a0-473-gd044c6f0f0 (webtiles) character file.

Game seed: 13861339473495913425

3493494 Implojin the Acrobat (level 27, 201/201 HPs)
             Began as a Coglin Gladiator on Feb 25, 2024.
             Was the Champion of Hepliaklqana.
             Escaped with the Orb
             ... and 5 runes
             ... and 1 gem (intact)!
             The game lasted 04:04:43 (63779 turns).

Implojin the Acrobat (Coglin Gladiator)            Turns: 63779, Time: 04:04:44

Health: 201/201    AC: 24    Str: 17    XL:     27
Magic:  27/29      EV: 34    Int:  7    God:    Hepliaklqana [******]
Gold:   6644       SH:  0    Dex: 31    Spells: 26/26 levels left

rFire   + + +        m - +9 rapier (speed) {C R A B}
rCold   + . .        a - +9 sword of Zonguldrok {reap}
rNeg    . . .        x - +4 chain mail of the Durable Tarantula {Will++ Regen+}
rPois   +            (helmet restricted)
rElec   +            i - scarf of Sodaoqim {harm, +Inv rF++}
rCorr   .            j - +0 pair of fencer's gloves {Riposte Dex+3}
SInv    .            O - +2 pair of slick slippers {slick, slippery, EV+4}
Will    ++++.        N - amulet of the Air {Inacc Air Fly rElec RMsl}
Stlth   ++           (ring unavailable)
HPRegen 1.33/turn    (ring unavailable)
MPRegen 0.21/turn

%: inaccuracy (-5), harm (+30% outgoing, +20% incoming), repel missiles
@: flying, studying Axes
A: reduced essence, cold resistance 1, fire resistance 1, off-hand wielding,
slow wielding, warmup strikes, no rings, horns 1, deterioration 1, poison
resistance, screaming 2
0: Orb of Zot
}: 5/15 runes: barnacled, slimy, silver, abyssal, gossamer
a: Renounce Religion, Evoke Invisibility, Recall Ancestor, Ancestor Identity,
Transference, Idealise


You escaped.
You worshipped Hepliaklqana.
Hepliaklqana was exalted by your worship.
You visited 10 branches of the dungeon, and saw 52 of its levels.
You visited the Abyss 1 time.
You also visited: Sewer, Ossuary, Bailey, Gauntlet, Ice Cave, Volcano and Wizlab.

You collected 10286 gold pieces.
You spent 3642 gold pieces at shops.

Inventory:

Hand Weapons
 a - the +9 sword of Zonguldrok (offhand) {reap}
   (You took it off an antique champion in a wizard's laboratory)
 m - a +9 rapier of speed (weapon) {C R A B}
Missiles
 d - 16 throwing nets
 e - 15 javelins
 o - 15 curare-tipped darts
 u - 13 atropa-tipped darts
 v - 6 poisoned darts
 E - 47 boomerangs (quivered)
 Y - 17 silver javelins
Armour
 c - a +2 helmet
 i - the scarf of Sodaoqim (worn) {harm, +Inv rF++}
   (You acquired it on level 11 of the Dungeon)

   rF++:      It greatly protects you from fire.
   +Inv:      It lets you turn invisible.
 j - the +0 pair of fencer's gloves (worn) {Riposte Dex+3}
   (You found it on level 3 of the Vaults)

   Riposte:   It allows the wearer to riposte with melee weapons, swiftly
   retaliating against missed or blocked melee attacks.
   Dex+3:     It affects your dexterity (+3).
 x - the +4 chain mail of the Durable Tarantula (worn) {Will++ Regen+}
   (You found it on level 13 of the Dungeon)

   Will++:    It greatly increases your willpower.
   Regen+:    It increases your rate of health regeneration.
 G - the +0 helmet "Xeext" {Rampage +Blink rF- rCorr}
   (You found it on level 2 of the Lair of Beasts)

   rF-:       It makes you vulnerable to fire.
   +Blink:    It lets you blink.
   rCorr:     It protects you from acid and corrosion.
   Rampage:   It bestows one free step when moving towards enemies.
 O - the +2 pair of slick slippers (worn) {slick, slippery, EV+4}
   (You found it on level 9 of the Dungeon)

   Slick:     Its wearer cannot be constricted, engulfed, netted, webbed, or
   stopped by binding sigils.
   Slippery:  Its wearer slips away from damaging melee attacks, pulling the
   attacker onward.
   EV+4:      It affects your evasion (+4).
Jewellery
 N - the amulet of the Air (around neck) {Inacc Air Fly rElec RMsl}
   (You took it off a frost giant on level 5 of the Vaults)

   [amulet of nothing]

   Inacc:     It reduces the accuracy of your attacks and spells.
   Air:       It enhances your air magic.
   rElec:     It insulates you from electricity.
   Fly:       It grants you flight.
   RMsl:      It protects you from missiles.
Wands
 s - a wand of mindburst (2)
 C - a wand of quicksilver (22)
 K - a wand of roots (19)
 M - a wand of digging (23)
 R - a wand of paralysis (56)
Scrolls
 b - 2 scrolls of silence
 p - 15 scrolls of teleportation
 q - a scroll of blinking
 r - 3 scrolls of fog
 y - 10 scrolls of immolation
 B - 3 scrolls of fear
 D - 9 scrolls of vulnerability
 T - 4 scrolls of summoning
 Z - 2 scrolls of revelation
Potions
 f - 4 potions of curing
 h - 3 potions of invisibility
 l - 10 potions of cancellation
 n - 3 potions of heal wounds
 t - 9 potions of might
 z - 12 potions of ambrosia
 A - 3 potions of magic
 F - 15 potions of mutation
 S - 7 potions of berserk rage
 U - 7 potions of haste
 V - 3 potions of resistance
 W - 6 potions of enlightenment
 X - 8 potions of attraction
Miscellaneous
 g - a phantom mirror
 k - a condenser vane
 w - a phial of floods
 H - a lightning rod (4/4)
 J - a sack of spiders


   Skills:
 - Level 20.0 Fighting
 - Level 14.0(16.1) Short Blades
 * Level 14.3(17.0) Long Blades
 - Level 8.0 Throwing
 - Level 23.3 Armour
 - Level 25.0 Dodging
 - Level 18.0 Stealth
 - Level 8.0 Invocations
 - Level 13.0 Evocations


You had 26 spell levels left.
You didn't know any spells.
Your spell library contained the following spells:

 Spells                   Type           Power      Damage    Failure   Level
 Foxfire                  Conj/Fire      0%         2x1d4     83%         1
 Freeze                   Ice            0%         1d3       83%         1
 Kiss of Death            Conj/Necr      0%         2d5       83%         1
 Magic Dart               Conj           0%         1d3       83%         1
 Shock                    Conj/Air       0%         1d3       83%         1
 Slow                     Hex            0%         N/A       83%         1
 Sting                    Conj/Alch      0%         1d3       83%         1
 Summon Small Mammal      Summ           0%         N/A       83%         1
 Blink                    Tloc           0%         N/A       93%         2
 Call Imp                 Summ           0%         N/A       93%         2
 Cigotuvi's Dreadful Rot  Necr/Alch/Air  0%         N/A       93%         2
 Ensorcelled Hibernation  Hex/Ice        0%         N/A       93%         2
 Lesser Beckoning         Tloc           0%         N/A       93%         2
 Mercury Vapours          Alch/Air       0%         N/A       93%         2
 Momentum Strike          Conj/Tloc      0%         3d8       93%         2
 Static Discharge         Conj/Air       0%         3-3/arc   93%         2
 Sublimation of Blood     Necr           0%         N/A       93%         2
 Call Canine Familiar     Summ           0%         N/A       99%         3
 Confusing Touch          Hex            0%         N/A       99%         3
 Dazzling Flash           Conj/Hex       0%         N/A       99%         3
 Frozen Ramparts          Ice            0%         1d1       99%         3
 Fugue of the Fallen      Necr           0%         N/A       99%         3
 Hailstorm                Conj/Ice       0%         3d5       99%         3
 Mephitic Cloud           Conj/Alch/Air  0%         N/A       99%         3
 Ozocubu's Armour         Ice            0%         N/A       99%         3
 Sigil of Binding         Hex            0%         N/A       99%         3
 Stone Arrow              Conj/Erth      0%         3d7       99%         3
 Summon Ice Beast         Ice/Summ       0%         N/A       99%         3
 Swiftness                Air            0%         N/A       99%         3
 Teleport Other           Tloc           0%         N/A       99%         3
 Tukima's Dance           Hex            0%         N/A       99%         3
 Vampiric Draining        Necr           0%         2d6       99%         3
 Volatile Blastmotes      Fire/Tloc      0%         2d10      99%         3
 Airstrike                Air            0%         2d(0-16)  100%        4
 Anguish                  Hex/Necr       0%         N/A       100%        4
 Animate Armour           Summ/Erth      0%         N/A       100%        4
 Animate Dead             Necr           0%         N/A       100%        4
 Cause Fear               Hex            0%         N/A       100%        4
 Dimensional Bullseye     Hex/Tloc       0%         N/A       100%        4
 Dispel Undead            Necr           0%         3d6       100%        4
 Flame Wave               Conj/Fire      0%         2d4       100%        4
 Fulminant Prism          Conj/Alch      0%         3d5       100%        4
 Ignite Poison            Fire/Alch      0%         N/A       100%        4
 Iskenderun's Mystic Bla  Conj/Tloc      0%         2d3       100%        4
 Martyr's Knell           Necr/Summ      0%         N/A       100%        4
 Olgreb's Toxic Radiance  Alch           0%         N/A       100%        4
 Passage of Golubria      Tloc           0%         N/A       100%        4
 Petrify                  Alch/Erth      0%         N/A       100%        4
 Sticky Flame             Fire/Alch      0%         2d4       100%        4
 Summon Blazeheart Golem  Fire/Summ      0%         N/A       100%        4
 Summon Lightning Spire   Summ/Air       0%         N/A       100%        4
 Vhi's Electric Charge    Tloc/Air       0%         N/A       100%        4
 Alistair's Intoxication  Alch           0%         N/A       100%        5
 Arcjolt                  Conj/Air       0%         1d10      100%        5
 Borgnjor's Vile Clutch   Necr/Erth      0%         N/A       100%        5
 Curse of Agony           Necr           0%         N/A       100%        5
 Fireball                 Conj/Fire      0%         3d3       100%        5
 Freezing Cloud           Conj/Ice/Air   0%         6-21      100%        5
 Irradiate                Conj/Alch      0%         3d11      100%        5
 Iskenderun's Battlesphe  Conj           0%         2d6       100%        5
 Metabolic Englaciation   Hex/Ice        0%         N/A       100%        5
 Silence                  Hex/Air        0%         N/A       100%        5
 Summon Forest            Summ/Tloc      0%         N/A       100%        5
 Summon Mana Viper        Hex/Summ       0%         N/A       100%        5
 Yara's Violent Unravell  Hex/Alch       0%         3d3       100%        5
 Bombard                  Conj/Erth      0%         9d1       100%        6
 Conjure Ball Lightning   Conj/Air       0%         3x3d6     100%        6
 Death Channel            Necr           0%         N/A       100%        6
 Eringya's Noxious Bog    Alch           0%         4d6       100%        6
 Plasma Beam              Fire/Air       0%         2x1d10    100%        6
 Sculpt Simulacrum        Ice/Alch       0%         N/A       100%        6
 Starburst                Conj/Fire      0%         6d3       100%        6
 Summon Cactus Giant      Summ           0%         N/A       100%        6
 Haunt                    Necr/Summ      0%         N/A       100%        7
 Malign Gateway           Summ/Tloc      0%         N/A       100%        7
 Monstrous Menagerie      Summ           0%         N/A       100%        7
 Orb of Destruction       Conj           0%         9d5       100%        7
 Ozocubu's Refrigeration  Ice            0%         4d7       100%        7
 Spellforged Servitor     Conj/Summ      0%         N/A       100%        7
 Summon Hydra             Summ           0%         N/A       100%        7
 Discord                  Hex            0%         N/A       100%        8
 Disjunction              Tloc           0%         N/A       100%        8
 Ignition                 Fire           0%         3d3       100%        8
 Infestation              Necr           0%         N/A       100%        8
 Lehudib's Crystal Spear  Conj/Erth      0%         10d2      100%        8
 Maxwell's Capacitive Co  Air            0%         ∞         100%        8
 Dragon's Call            Summ           0%         N/A       100%        9
 Polar Vortex             Ice            0%         N/A       100%        9


Dungeon Overview and Level Annotations

Branches:
Dungeon (15/15)            Temple (0/1) D:4            Lair (5/5) D:9
 Shoals (4/4) Lair:2       Spider (4/4) Lair:2        Slime (5/5) Lair:5
    Orc (2/2) D:10            Elf (3/3) Orc:2        Vaults (5/5) D:13
  Crypt (0/3) Vaults:3     Depths (4/4) D:15            Zot (5/5) Depths:4
  Sewer (visited)         Ossuary (visited)          Bailey (visited)
  IceCv (visited)         Volcano (visited)          WizLab (visited)
Gauntlet (visited)

Altars:
Gozag
Hepliaklqana
Kikubaaqudgha
Makhleb
Nemelex Xobeh
Ru
Sif Muna
Trog
Uskayaw
Vehumet
Xom
Yredelemnul
The Shining One
Beogh
Jiyva

Shops:
D:11 !(   D:12 [   D:15 =(   Orc:2 [!((   Elf:2 *   Elf:3 !   Shoals:3 (
Shoals:4 *   Vaults:3 !   Depths:2 ([

Portals:
Hell: Depths:1 Depths:2 Depths:3 Depths:4
Abyss: Depths:3 Depths:4
Pandemonium: Depths:2 Depths:3 Depths:4
Ziggurat: Depths:3

Annotations:
Depths:3 3 runed translucent doors


Innate Abilities, Weirdness & Mutations

Your life essence is reduced to manifest your ancestor. (-10% HP)
Your flesh is cold resistant. (rC+)
Your flesh is heat resistant. (rF+)
You can wield a second weapon in your off-hand.
It takes a long time for you to wield or remove held weapons.
Your first few attacks do less damage.
Your grasper-arms cannot wear rings.
You have a pair of small horns on your head.
Your body sometimes deteriorates upon taking damage.
Your system is resistant to poisons. (rPois)
You frequently scream uncontrollably at your foes.


Message History

The Executioner is lightly wounded.
You slice the Executioner with the +9 sword of Zonguldrok!!
The Executioner completely misses you.
You riposte.
You hit the Executioner with the +9 sword of Zonguldrok.
You headbutt the Executioner, but do no damage.
The Executioner is almost dead.
You hit the Executioner with your +9 rapier of speed.
The Executioner hits you but does no damage.
The Executioner misses you.
C r a b hits the Executioner with a +0 antimagic quick blade!
The Executioner dies!
You fly upwards.
There is a stone staircase leading down here.
Unknown command.
(D) Dungeon (T) Temple (L) Lair (A) Shoals (N) Spider Nest (M) Slime Pits (O) Orcish Mines (E) Elven Halls (V) Vaults (C) Crypt (U) Depths (H) Hell (Z) Zot
Where to? (Tab/Enter - D:1 @ (x,y), ? - help)
There is a stone staircase leading up here.
You fly upwards.
There is a stone staircase leading down here.
There is a stone staircase leading up here.
HP restored.
You fly upwards.
There is a stone staircase leading down here.
There is a stone staircase leading up here.
You fly upwards.
There is a stone staircase leading down here.
There is a stone staircase leading up, spattered with blood here.
You fly upwards.
There is a stone staircase leading down here.
There is a stone staircase leading up here.
You fly upwards.
There is a stone staircase leading down here.
As you open the door, it creaks loudly!
There is an open door here.
There is a staircase leading out of the dungeon here.
C r a b is recalled.
You have escaped!

♣♣♣♣♣♣
♣♣♣♣♣♣P.♣P♣♣♣ ♣
♣♣...P..♣....♣♣♣≈≈≈
♣♣..@..♣♣♣♣♣.♣.♣
♣≈≈≈ ♣...R..♣ ♣♣.♣♣
♣≈ ♣♣♣..♣.♣ ♣♣.♣ ♣♣
♣♣..♣♣ ♣♣.♣♣ ♣♣.♣♣
♣.♣♣ ♣..♣ ♣..♣♣♣
♣.♣♣ ♣♣♣..♣♣ ♣ ♣.♣
♣♣♣.♣♣ ♣♣ ♣.♣♣♣
♣♣.♣♣♣.


You could see the friendly c r a b the hexer.

Vanquished Creatures
  2 dread liches (Vaults:4)
  Frederick (Vaults:4)
  5 orbs of fire (Zot:5)
  3 ancient liches (Zot:5)
  Mara (Vaults:4)
  A juggernaut (Depths:3)
  the Lernaean hydra (D:14)
  A shard shrike (IceCv)
  An antique champion (WizLab)
  9 Killer Klowns
  2 curse toes
  14 golden dragons
  Norris (Elf:3)
  2 profane servitors
  4 electric golems
  A Tzitzimitl (D:9)
  2 Brimstone Fiends
  Jorgrun (Elf:1)
  14 tentacled monstrosities
  2 liches
  16 Orb Guardians
  A kraken (Shoals:1)
  A walking divine tome (Depths:1)
  8 death cobs
  2 sphinxes (Vaults:5)
  A walking frostbound tome (Depths:4)
  A titan (Vaults:4)
  9 acid blobs
  4 quicksilver dragons
  2 deep elf blademasters (Elf:3)
  2 ancient champions
  2 deep elf master archers (Elf:3)
  Agnes (Spider:3)
  Aizul (Vaults:1)
  Frances (D:14)
  2 thorn hunters (Abyss:4)
  The ghost of Ponisiar the Deadly Accurate, a journeyman TrGl of Wu Jian (Orc:1)
  14 storm dragons
  Donald (Elf:3)
  5 tengu reavers
  The ghost of Bialiabluu the Warrior, an adept GrEE of Gozag (D:15)
  The ghost of Bialiabluu the Warrior, an adept GrEE of Gozag (D:15)
  9 shadow dragons
  5 draconian knights
  7 draconian monks
  5 fire giants
  6 azure jellies
  2 iron dragons (Vaults:5)
  The ghost of Xoisk the Arsonist, a journeyman OnCA of Ignis (D:15)
  A protean progenitor (Zot:1)
  8 rockslimes
  Ilsuiw (Shoals:2)
  9 frost giants
  The ghost of Tewoziw the Warrior, a journeyman FoFi of Okawaru (D:15)
  7 emperor scorpions
  2 balrugs
  8 deep elf sorcerers
  The ghost of Plog the Cruncher, a journeyman DsMo of Gozag (D:15)
  4 draconian scorchers (Zot:1)
  Louise (Spider:1)
  3 draconian shifters (Zot:1)
  An orc warlord (Vaults:2)
  3 deep elf elementalists (Elf:3)
  14 vault wardens
  6 ghost moths
  4 draconian stormcallers
  3 cacodemons
  A spriggan defender (Depths:4)
  15 ironbound preservers
  The ghost of Eugor the Eclecticist, a journeyman DECj of Vehumet (Shoals:2)
  A ghoul (WizLab)
  A juggernaut skeleton (WizLab)
  5 draconian annihilators
  5 formless jellyfish
  2 ironbound thunderhulks
  8 quicksilver oozes
  A broodmother (Spider:4)
  13 stone giants
  6 very ugly things
  6 green draconians
  7 black draconians
  2 vampire knights
  A minotaur (Gauntlet)
  9 purple draconians
  13 yellow draconians
  A lorocyproca (Depths:3)
  16 white draconians
  8 deep elf demonologists
  6 deep elf annihilators
  11 dire elephants
  9 deep elf death magi
  13 red draconians
  Azrael (Spider:1)
  2 war gargoyles
  An eidolon (Depths:2)
  10 spark wasps
  9 merfolk javelineers
  Snorg (Lair:3)
  10 ettins
  9 merfolk impalers
  A green death (Depths:3)
  2 jiangshi (WizLab)
  A shambling mangrove (Abyss:4)
  10 fire dragons
  3 entropy weavers
  8 deep elf high priests
  8 great orbs of eyes
  19 vault guards
  An entropy weaver (shapeshifter) (Elf:2)
  7 rakshasas
  8 yaktaur captains
  A hell beast (Depths:2)
  Erolcha (Orc:1)
  2 ogre magi (Orc:2)
  A peacekeeper (Vaults:2)
  An alligator snapping turtle (Shoals:3)
  8 centaur warriors
  2 spriggan air magi
  6 ice dragons
  A merfolk avatar (Shoals:4)
  15 ironbound frosthearts
  A juggernaut simulacrum (WizLab)
  13 hydras
  Erica (D:8)
  2 radroaches (Zot:1)
  A catoblepas (Lair:5)
  2 merfolk aquamancers
  16 two-headed ogres
  26 dancing weapons
  9 boulder beetles
  A jorogumo (Spider:3)
  7 tengu warriors
  5 satyrs
  6 deep troll shamans
  A death scarab (Gauntlet)
  14 death yaks
  2 orc high priests
  4 deep troll earth magi
  5 demonic crawlers
  An occultist (Depths:1)
  A vampire mage (Depths:1)
  18 deep elf knights
  A soul eater (Depths:2)
  A sun demon (Volcano)
  Sonja (Lair:5)
  8 spriggan berserkers
  8 hell knights
  7 skysharks
  5 iron trolls
  A skyshark (shapeshifter) (Vaults:4)
  A fire crab (shapeshifter) (Elf:1)
  8 sea snakes
  5 pharaoh ants
  A sixfirhy (Depths:3)
  A titan skeleton (Abyss:4)
  A golden dragon zombie (WizLab)
  6 skeletal warriors
  57 deep trolls
  A deep troll (shapeshifter) (Vaults:5)
  An orb spider (shapeshifter) (Vaults:5)
  A spriggan rider (Depths:4)
  A spark wasp zombie (Depths:3)
  5 glowing orange brains
  6 orb spiders
  An orange crystal statue (IceCv)
  An obsidian statue (Zot:5)
  A shadow demon (Abyss:4)
  16 ironbound convokers
  4 arcanists
  7 phantasmal warriors
  3 necromancers
  13 lindwurms
  A tengu zombie (Depths:3)
  12 harpies
  2 starcursed masses (Abyss:4)
  29 deep elf pyromancers
  28 deep elf zephyrmancers
  6 steelbarb worms
  17 deep elf archers
  A golden dragon skeleton (WizLab)
  8 large abominations
  A fire giant zombie (Depths:3)
  A shadow dragon skeleton (Vaults:3)
  5 orc sorcerers
  A tengu skeleton (Vaults:3)
  8 orc knights
  A wolf spider zombie (D:15)
  18 fauns
  A faun (shapeshifter) (Depths:1)
  A stone giant zombie (WizLab)
  2 worldbinders (Abyss:4)
  11 cyclopes
  2 wolf spiders (shapeshifter)
  14 wolf spiders
  A salamander (Depths:1)
  19 manticores
  4 shining eyes (Slime:5)
  36 ugly things
  A cyclops (shapeshifter) (Vaults:4)
  26 moths of wrath
  3 fire giant skeletons (Vaults:3)
  A frost giant skeleton (Vaults:3)
  A molten gargoyle (Lair:2)
  A torpor snail (Spider:1)
  8 meliai
  30 slime creatures
  A stone giant skeleton (WizLab)
  17 elephants
  3 kobold blastminers (Orc:1)
  8 merfolk sirens
  3 water nymphs
  5 black mambas
  12 vault sentinels
  3 human skeletons (Vaults:3)
  2 eyes of devastation
  4 smoke demons (Abyss:4)
  11 cane toads
  2 gargoyles
  2 cane toads (shapeshifter)
  A hellion (Depths:4)
  An elf skeleton (Vaults:3)
  A torpor snail (shapeshifter) (Depths:2)
  22 rime drakes
  An unseen horror (D:12)
  17 yaktaurs
  Maggie (Lair:2)
  2 kobold demonologists
  4 efreet
  5 komodo dragons
  2 freezing wraiths
  A tengu conjurer (D:15)
  An ancient zyme (Abyss:4)
  A hellwing (Depths:2)
  A great orb of eyes zombie (Depths:3)
  27 merfolk
  14 trolls
  3 red devils (Volcano)
  A polar bear (shapeshifter) (D:15)
  10 wind drakes
  The ghost of shoop the Cleaver, an amateur MDFi (D:5)
  10 hornets
  13 tarantellas
  A moth of wrath zombie (Zot:2)
  18 polar bears
  3 raiju (Abyss:4)
  5 glass eyes
  8 snapping turtles
  18 dream sheep
  3 elf zombies
  A meliai zombie (D:15)
  A stone giant simulacrum (WizLab)
  12 blink frogs
  5 centaur simulacra
  14 jumping spiders
  13 culicivoras
  2 shadows
  A spriggan (shapeshifter) (D:14)
  5 air elementals
  3 wraiths (D:12)
  8 wyverns
  A ynoxinul (Depths:3)
  5 spriggans
  22 water elementals
  32 yaks
  35 redbacks
  A vampire (WizLab)
  14 humans
  9 golden eyes (Slime:5)
  16 vampire mosquitoes
  9 basilisks
  2 fire elementals
  3 wargs
  A redback simulacrum (D:15)
  3 steam dragons
  A harpy simulacrum (Gauntlet)
  7 water moccasins
  4 hell hounds
  A sky beast (D:6)
  An ogre skeleton (Vaults:3)
  An ettin simulacrum (WizLab)
  A spectral torpor snail (Gauntlet)
  28 orc warriors
  2 swamp dragon zombies (WizLab)
  An ice beast (D:5)
  A black bear (D:5)
  2 laughing skulls
  2 small abominations
  13 wolves
  22 ogres
  13 centaurs
  A phantom (D:5)
  Blork the orc (D:6)
  5 kobold brigands
  13 bullfrogs
  2 earth elementals (Elf:2)
  A gnoll sergeant (D:13)
  4 scorpions
  2 wights (Ossuary)
  A burial acolyte (Ossuary)
  2 swamp dragon simulacra (WizLab)
  6 howler monkeys
  An electric eel (Spider:1)
  3 bombardier beetles
  A bullfrog zombie (D:5)
  A quasit (Abyss:4)
  20 orc priests
  2 centaur skeletons
  3 hounds
  A gnoll bouda (D:7)
  Ijyb (D:5)
  A cyclops simulacrum (WizLab)
  2 sleepcaps
  Natasha (thrice) (D:3)
  4 iguanas
  17 orc wizards
  3 hell rats (Lair:3)
  5 hexers
  5 adders
  8 gnolls
  A howler monkey skeleton (D:5)
  A shadow imp (D:4)
  An ufetubus (D:5)
  9 dart slugs
  A ribbon worm (D:4)
  79 orcs
  6 endoplasms
  16 giant cockroaches
  15 goblins
  8 hobgoblins
  6 jackals
  5 quokkas
  9 ball pythons
  8 bats
  14 frilled lizards
  4 gnoll skeletons (Ossuary)
  2 goblin zombies (D:3)
  A jackal skeleton (D:3)
  19 kobolds
  7 kobold skeletons (Ossuary)
  5 orc skeletons (Ossuary)
  5 rats
  A butterfly (Lair:4)
  A spectral weapon (Zot:5)
  4 tentacles (Shoals:1)
2111 creatures vanquished.

Vanquished Creatures (collateral kills)
  the Royal Jelly (Slime:5)
  A dread lich (Vaults:4)
  2 ancient liches (Vaults:5)
  2 orbs of fire (Zot:5)
  4 Killer Klowns (Zot:5)
  An antique champion (WizLab)
  A curse toe (Zot:2)
  2 golden dragons
  Nikola (Spider:2)
  6 tentacled monstrosities
  3 liches
  3 sphinxes
  10 Orb Guardians (Zot:5)
  A titan (Vaults:5)
  2 deep elf master archers (Elf:3)
  An Executioner (D:7)
  2 acid blobs (Slime:5)
  A death cob (Zot:5)
  A kraken (Shoals:4)
  3 shadow dragons
  4 storm dragons
  A daeva (Depths:3)
  2 draconian monks
  An azure jelly (Slime:5)
  A protean progenitor (Zot:1)
  A fire giant (Vaults:5)
  2 draconian shifters (Zot:5)
  2 iron dragons
  An emperor scorpion (Spider:1)
  A deep elf elementalist (Elf:3)
  A deep elf sorcerer (Depths:4)
  3 draconian knights
  2 vault wardens
  A frost giant (Depths:3)
  4 ghost moths
  2 draconian annihilators
  A cacodemon (Zot:3)
  A spriggan defender (Depths:4)
  4 ironbound preservers
  6 stone giants
  2 ironbound thunderhulks
  A formless jellyfish (Slime:5)
  A quicksilver ooze (Slime:5)
  2 deep elf demonologists
  4 very ugly things
  A deep elf death mage (Elf:3)
  A green draconian (Zot:2)
  2 white draconians
  A spark wasp (Depths:3)
  A war gargoyle (Vaults:5)
  4 yellow draconians
  2 purple draconians (Zot:5)
  2 red draconians
  2 dire elephants
  A black draconian (Zot:5)
  A crystal guardian (Vaults:2)
  A merfolk javelineer (Shoals:3)
  3 yaktaur captains
  3 ettins
  A merfolk impaler (Shoals:3)
  2 fire dragons
  A rakshasa (Depths:3)
  5 great orbs of eyes
  4 spriggan air magi
  10 vault guards (Vaults:4)
  3 hydras (D:14)
  2 catoblepae
  3 merfolk avatars
  An alligator snapping turtle (Shoals:3)
  An ironbound frostheart (Vaults:4)
  A two-headed ogre (shapeshifter) (Vaults:4)
  3 dancing weapons
  2 two-headed ogres
  A death yak (Lair:3)
  A deep troll shaman (Lair:5)
  A merfolk aquamancer (Shoals:2)
  A satyr (Shoals:3)
  3 occultists
  A spriggan berserker (Depths:3)
  A titan zombie (Abyss:4)
  A deep troll earth mage (Depths:2)
  A hell knight (Depths:4)
  3 deep elf knights
  A shadow wraith (Abyss:4)
  A skyshark (Elf:3)
  A skeletal warrior (WizLab)
  2 iron trolls
  9 deep trolls
  4 harpies (Shoals:4)
  4 sea snakes
  A storm dragon skeleton (Depths:3)
  4 deep elf archers
  2 necromancers
  7 deep elf zephyrmancers
  A phantasmal warrior (Vaults:4)
  2 orc knights
  3 deep elf pyromancers
  7 ugly things
  An orc sorcerer (D:15)
  Maurice (D:7)
  2 cyclopes
  4 fauns
  A shining eye (Gauntlet)
  A salamander (Depths:1)
  A worldbinder (Abyss:4)
  4 moths of wrath
  A large abomination (Abyss:4)
  A meliai (D:15)
  3 elephants
  A merfolk siren (Shoals:2)
  A smoke demon (Abyss:4)
  An eye of devastation (shapeshifter) (Vaults:3)
  2 vault sentinels
  A black mamba (Lair:1)
  A titan simulacrum (Depths:3)
  2 torpor snails (Spider:4)
  A gargoyle (D:14)
  A rime drake (IceCv)
  3 yaktaurs
  A hexer (Elf:3)
  A tengu conjurer (Depths:2)
  An efreet (D:9)
  A troll (Orc:1)
  10 merfolk
  3 polar bears (IceCv)
  A wind drake (Shoals:1)
  5 glass eyes
  4 hornets
  A tarantella (Spider:1)
  3 blink frogs
  3 dream sheep
  A raiju (Abyss:4)
  2 snapping turtles (Shoals:3)
  An air elemental (Elf:1)
  10 slime creatures
  A jumping spider (Spider:2)
  3 culicivoras
  A vampire (WizLab)
  A wyvern (Lair:1)
  3 spriggans
  A wraith (D:9)
  7 water elementals
  6 yaks
  3 humans (D:12)
  A golden eye (Slime:5)
  A warg (shapeshifter) (D:14)
  2 basilisks (Lair:2)
  A redback (shapeshifter) (Vaults:5)
  A redback simulacrum (D:14)
  A chaos spawn (Zot:5)
  2 vampire mosquitoes
  5 redbacks
  A water moccasin (D:6)
  2 hell hounds
  6 orc warriors
  A laughing skull (D:14)
  A swamp dragon zombie (WizLab)
  An ice beast (D:7)
  2 small abominations (Abyss:4)
  5 ogres
  A black bear (Lair:5)
  3 centaurs
  3 wolves
  A kobold brigand (D:10)
  2 bullfrogs (D:9)
  A deep troll simulacrum (WizLab)
  An earth elemental (Elf:2)
  A gnoll sergeant (D:10)
  A wyvern zombie (D:5)
  An electric eel (Lair:2)
  A hound (D:6)
  A gnoll bouda (D:7)
  An iguana (D:5)
  A sleepcap (D:4)
  4 orc wizards
  A hell rat (Lair:3)
  A mummy (Ossuary)
  An adder (D:5)
  4 gnolls
  An ufetubus (D:5)
  14 orcs
  2 kobolds (D:11)
  3 training dummies (D:11)
  A gnoll skeleton (Ossuary)
  2 kobold skeletons (Ossuary)
  An orc skeleton (Ossuary)
  2 butterflies
  2 spectral weapons (Zot:5)
425 creatures vanquished.

Vanquished Creatures (others)
  2 draconian knights
  A Killer Klown zombie (Zot:5)
  A rockslime zombie (Slime:5)
  A yellow draconian (Zot:1)
  3 acid blob zombies (Slime:5)
  A quicksilver dragon zombie (Zot:2)
  A demigod zombie (Vaults:4)
  2 sphinx zombies (Vaults:5)
  5 Orb Guardian zombies (Zot:5)
  A merfolk aquamancer (Shoals:4)
  A quicksilver ooze zombie (Slime:5)
  3 storm dragon zombies
  A soul eater (Depths:4)
  A ghost moth zombie (Zot:5)
  2 golden dragon zombies
  A spark wasp zombie (Depths:4)
  A very ugly thing zombie (Vaults:4)
  A phantasmal warrior (Vaults:5)
  3 shadow dragon zombies
  3 ugly thing zombies
  3 stone giant zombies
  A frost giant zombie (Depths:4)
  A draconian zombie (Zot:4)
  A dire elephant zombie (Vaults:3)
  A formless jellyfish zombie (Slime:5)
  A red draconian zombie (Depths:4)
  3 white draconian zombies
  2 purple draconian zombies
  2 black draconian zombies
  A great orb of eyes zombie (Slime:5)
  A troll (Orc:2)
  A moth of wrath zombie (Zot:5)
  An ettin zombie (Vaults:4)
  A fire dragon zombie (Depths:4)
  A spriggan zombie (Depths:4)
  A slime creature zombie (Vaults:4)
  A steam dragon (D:9)
  A redback (Spider:4)
  5 deep troll zombies
  A hornet zombie (Depths:4)
  20 elf zombies
  7 human zombies (Vaults:4)
  34 hexers
  An ancestor (Ossuary)
  2 orc zombies (Elf:2)
  3 spectral weapons (Vaults:5)
132 creatures vanquished.

Grand Total: 2668 creatures vanquished

Notes
Turn   | Place    | Note
-------+----------+-------------------------------------------
     0 | D:1      | Implojin the Coglin Gladiator began the quest for the Orb.
     0 | D:1      | Reached XP level 1. HP: 16/16 MP: 1/1
   380 | D:1      | Reached XP level 2. HP: 22/22 MP: 2/2
  1122 | D:2      | Reached XP level 3. HP: 27/27 MP: 3/3
  1802 | D:3      | Found a runed translucent door.
  1802 | D:3      | Noticed a human
  1806 | D:3      | Found a basalt altar of Yredelemnul.
  1827 | D:3      | Noticed an ogre
  1834 | D:3      | Killed an ogre
  1835 | D:3      | Reached skill level 5 in Short Blades
  1835 | D:3      | Reached XP level 4. HP: 33/33 MP: 4/4
  1835 | D:3      | Reached XP level 5. HP: 38/38 MP: 5/5
  2037 | D:3      | Noticed Natasha
  2269 | D:3      | Killed Natasha
  2480 | D:3      | Noticed Natasha
  2488 | D:3      | Killed Natasha
  2654 | D:3      | Found a runed translucent door.
  2658 | D:3      | Found a basalt altar of Yredelemnul.
  2676 | D:3      | Noticed Natasha
  2684 | D:3      | Killed Natasha
  2685 | D:3      | Reached XP level 6. HP: 39/44 MP: 6/6
  3187 | D:4      | Found a hazy altar of Hepliaklqana.
  3187 | D:4      | Found a radiant altar of Vehumet.
  3187 | D:4      | Found a shimmering blue altar of Sif Muna.
  3188 | D:4      | Found a sacrificial altar of Ru.
  3190 | D:4      | Found an opulent altar of Gozag.
  3192 | D:4      | Found an ancient bone altar of Kikubaaqudgha.
  3195 | D:4      | Became a worshipper of Hepliaklqana the Forgotten
  3220 | D:4      | Found a shimmering altar of Xom.
  3318 | D:4      | Reached skill level 1 in Evocations
  3318 | D:4      | Reached skill level 1 in Stealth
  3435 | D:4      | Reached XP level 7. HP: 52/52 MP: 7/7
  3435 | D:4      | Found a glowing drain.
  3462 | D:4      | Found a staircase to the Ecumenical Temple.
  3475 | Sewer    | Entered a sewer
  4536 | D:4      | Reached * piety under Hepliaklqana
  5288 | D:5      | Entered Level 5 of the Dungeon
  5305 | D:5      | Reached skill level 5 in Stealth
  5318 | D:5      | Reached XP level 8. HP: 30/52 MP: 8/8
  5319 | D:5      | Noticed Ijyb
  5467 | D:5      | Found a sand-covered staircase.
  5472 | Ossuary  | Entered an ossuary
  6092 | D:5      | Found a runed translucent gate.
  6093 | D:5      | Found a runed translucent gate.
  6094 | D:5      | Found a runed translucent gate.
  6102 | D:5      | Noticed shoop's ghost (amateur MDFi)
  6552 | D:5      | Reached XP level 9. HP: 41/58 MP: 9/9
  6983 | D:5      | Killed Ijyb
  7016 | D:6      | Found the amulet of Elemental Vulnerability {rPois rF--
                  | rC-- AC+8}
  7083 | D:6      | Reached ** piety under Hepliaklqana
  7084 | D:6      | Remembered your ancestor c r a b as a hexer
  7239 | D:6      | Noticed Blork the orc
  7249 | D:6      | Killed Blork the orc
  7792 | D:6      | Found a sparkling altar of Nemelex Xobeh.
  7792 | D:6      | Found a transporter.
  8294 | D:7      | Reached skill level 10 in Short Blades
  8405 | D:7      | Noticed Maurice
  8420 | D:7      | Killed Maurice
  8421 | D:7      | Reached skill level 5 in Fighting
  8421 | D:7      | Reached XP level 10. HP: 68/68 MP: 10/10
  8777 | D:8      | Found a burning altar of Makhleb.
  8861 | D:8      | Reached skill level 5 in Evocations
  9351 | D:8      | Reached *** piety under Hepliaklqana
  9488 | D:8      | Noticed Erica
 10424 | D:9      | Found a bloodstained altar of Trog.
 10441 | D:9      | Noticed a two-headed ogre
 10442 | D:9      | Noticed a gargoyle
 10453 | D:9      | Killed a two-headed ogre
 10454 | D:9      | Reached XP level 11. HP: 39/72 MP: 11/11
 10750 | D:9      | Found the +2 pair of slick slippers {slick, slippery, EV+4}
 11012 | D:9      | Noticed a centaur warrior
 11036 | D:9      | Killed a centaur warrior
 11041 | D:9      | Noticed a boulder beetle
 11306 | D:9      | Killed a boulder beetle
 11318 | D:9      | Noticed a boulder beetle
 11328 | D:9      | Noticed a brown ugly thing
 11472 | D:9      | Killed a brown ugly thing
 11586 | D:9      | Killed a boulder beetle
 11949 | D:9      | Found a staircase to the Lair.
 12090 | D:10     | Entered Level 10 of the Dungeon
 12101 | D:10     | Noticed a manticore
 12112 | D:10     | Killed a manticore
 12216 | D:10     | Reached **** piety under Hepliaklqana
 12270 | D:10     | Reached XP level 12. HP: 52/84 MP: 8/12
 12361 | D:10     | Found a flagged portal.
 12367 | Bailey   | Entered a bailey
 12552 | Bailey   | Reached skill level 8 in Dodging
 12552 | Bailey   | Gained mutation: Your flesh is cold resistant. (rC+)
                  | [Coglin growth]
 12552 | Bailey   | Gained mutation: Your flesh is heat resistant. (rF+)
                  | [Coglin growth]
 12552 | Bailey   | Reached XP level 13. HP: 90/90 MP: 13/13
 12625 | Bailey   | Reached skill level 10 in Fighting
 13142 | D:10     | Found a staircase to the Orcish Mines.
 13355 | D:11     | Got the Reference Book on Attacks
 13847 | D:11     | Reached skill level 10 in Evocations
 13865 | D:11     | Found Luaqic's Distillery.
 13873 | D:11     | Bought 2 potions of resistance for 360 gold pieces
 13873 | D:11     | Bought a potion of enlightenment for 90 gold pieces
 13873 | D:11     | Bought a potion of attraction for 54 gold pieces
 13906 | D:11     | Found Higouvim's Firing Range.
 13915 | D:11     | Bought 2 throwing nets for 72 gold pieces
 13915 | D:11     | Bought a throwing net for 36 gold pieces
 13915 | D:11     | Bought a throwing net for 36 gold pieces
 14103 | D:11     | Reached skill level 1 in Armour
 14276 | D:11     | Identified a scroll of acquirement
 14278 | D:11     | Acquired the scarf of Sodaoqim {harm, +Inv rF++}
 14617 | D:5      | Killed shoop's ghost
 14752 | Lair:1   | Entered Level 1 of the Lair of Beasts
 14782 | Lair:1   | Found a gate leading to a gauntlet.
 14796 | Gauntlet | Entered a Gauntlet
 14796 | Gauntlet | Found a transporter.
 14800 | Gauntlet | Found a transporter.
 14801 | Gauntlet | Found a transporter.
 14818 | Gauntlet | Found a transporter.
 14820 | Gauntlet | Found a transporter.
 14832 | Gauntlet | Found a transporter.
 14848 | Gauntlet | Found a transporter.
 14849 | Gauntlet | Noticed a great orb of eyes
 14863 | Gauntlet | Found a transporter.
 14867 | Gauntlet | Found a transporter.
 14868 | Gauntlet | Found a transporter.
 14883 | Gauntlet | Found a transporter.
 14886 | Gauntlet | Noticed a quicksilver ooze
 14887 | Gauntlet | Found a transporter.
 14912 | Gauntlet | Found a transporter.
 14916 | Gauntlet | Found a transporter.
 15101 | Gauntlet | Identified the +1 spear of Qazlal's Pride {venom, ^Drain
                  | rC- Int+4 Dex+6}
 15190 | Gauntlet | Identified the +7 plate armour "Feot" {Dex+3 Slay+3}
 15197 | Gauntlet | Identified the ring "Qytsedo" {Fly rElec rC+ rCorr Int+3}
 15255 | Gauntlet | Noticed a minotaur
 15266 | Gauntlet | Killed a minotaur
 15431 | Lair:1   | Reached skill level 5 in Armour
 15562 | Lair:1   | Reached skill level 1 in Invocations
 15577 | Lair:1   | Reached XP level 14. HP: 64/99 MP: 14/16
 15839 | Lair:1   | Found a runed translucent door.
 15962 | Lair:1   | Reached ***** piety under Hepliaklqana
 16449 | Lair:1   | Reached skill level 5 in Invocations
 16597 | Lair:2   | Noticed Maggie
 16607 | Lair:2   | Killed Maggie
 16847 | Lair:2   | Found a hole to the Spider Nest.
 17709 | Lair:2   | Identified the +0 helmet "Xeext" {Rampage +Blink rF- rCorr}
 17902 | Lair:2   | Found a staircase to the Shoals.
 18192 | Lair:3   | Noticed Snorg
 18207 | Lair:3   | Killed Snorg
 19584 | Lair:4   | Reached XP level 15. HP: 91/103 MP: 21/21
 20074 | Lair:5   | Entered Level 5 of the Lair of Beasts
 20340 | Lair:5   | Reached skill level 10 in Armour
 20411 | Lair:5   | Identified the +3 spear of Tension {spect, rF++ rC- rCorr
                  | Str+2}
 20762 | Lair:5   | Reached ****** piety under Hepliaklqana
 20999 | Lair:5   | Noticed Sonja
 21006 | Lair:5   | Killed Sonja
 21120 | Lair:5   | Found a staircase to the Slime Pits.
 21120 | Lair:5   | Found a viscous altar of Jiyva.
 21679 | D:12     | Found Zutheuz's Armour Shop.
 21887 | D:13     | Found a gate to the Vaults.
 22045 | D:13     | Identified the +4 chain mail of the Durable Tarantula
                  | {Will++ Regen+}
 22734 | D:14     | Reached XP level 16. HP: 109/109 MP: 22/22
 23622 | D:14     | Noticed Frances
 23631 | D:14     | Killed Frances
 23738 | D:14     | You fall into a shaft and drop 1 floor!
 23738 | D:15     | Entered Level 15 of the Dungeon
 23812 | D:14     | Reached skill level 15 in Armour
 23929 | D:14     | Noticed the 27-headed Lernaean hydra
 23930 | D:14     | Found a runed translucent door.
 24531 | D:14     | Found a runed translucent door.
 24787 | D:14     | Found a runed translucent door.
 25174 | D:15     | Found Werphetask's Weapon Boutique.
 25203 | D:15     | Found Xeganox's Jewellery Boutique.
 25326 | D:15     | Identified the orb of Plasticity {mayhem, -Tele rCorr
                  | Stlth+ Alchemy}
 25632 | D:15     | Found a runed translucent gate.
 25633 | D:15     | Found a runed translucent gate.
 25634 | D:15     | Found a runed translucent gate.
 25635 | D:15     | Noticed Xoisk's ghost (journeyman OnCA)
 25635 | D:15     | Noticed Bialiabluu's ghost (adept GrEE)
 25635 | D:15     | Noticed Tewoziw's ghost (journeyman FoFi)
 25636 | D:15     | Noticed Plog's ghost (journeyman DsMo)
 25636 | D:15     | Noticed Bialiabluu's ghost (adept GrEE)
 25909 | D:15     | Found a staircase to the Depths.
 26040 | D:15     | Killed Xoisk's ghost
 26055 | D:15     | Killed Plog's ghost
 26068 | D:15     | Killed Tewoziw's ghost
 26069 | D:15     | Reached XP level 17. HP: 106/115 MP: 20/23
 26092 | D:15     | Killed Bialiabluu's ghost
 26150 | D:15     | Killed Bialiabluu's ghost
 26163 | D:15     | Identified the +3 rapier "Afeof" {freeze, rElec Str+3}
 26171 | D:15     | Identified the +5 shortbow of Yredelemnul {flame, rElec
                  | rPois Int+5}
 26373 | Orc:1    | Entered Level 1 of the Orcish Mines
 26375 | Orc:1    | Found a roughly hewn altar of Beogh.
 26400 | Orc:1    | Noticed Erolcha
 26413 | Orc:1    | Killed Erolcha
 26438 | Orc:1    | You fall into a shaft and drop 1 floor!
 26438 | Orc:2    | Entered Level 2 of the Orcish Mines
 26537 | Orc:1    | Found a dark tunnel.
 26546 | Volcano  | Entered a volcano
 26844 | Orc:2    | Found a staircase to the Elven Halls.
 26880 | Orc:1    | Found a roughly hewn altar of Beogh.
 27054 | Orc:1    | Found a roughly hewn altar of Beogh.
 27240 | Orc:1    | Noticed Ponisiar's ghost (journeyman TrGl)
 27246 | Orc:1    | Found a bloodstained altar of Trog.
 27389 | Orc:1    | Found a transporter.
 27403 | Orc:1    | Found a transporter.
 27669 | Orc:1    | Killed Ponisiar's ghost
 27872 | Orc:2    | Found Ovyaguu's Antique Weapon Shoppe.
 27877 | Orc:2    | Found Daboijao's Antique Weapon Boutique.
 27927 | Orc:2    | Found Ufissic's Distillery.
 27928 | Orc:2    | Found Katt's Armour Shoppe.
 27948 | Orc:2    | Bought a potion of heal wounds for 55 gold pieces
 27948 | Orc:2    | Bought a potion of curing for 33 gold pieces
 27948 | Orc:2    | Bought a potion of might for 44 gold pieces
 27948 | Orc:2    | Bought a potion of ambrosia for 88 gold pieces
 27948 | Orc:2    | Bought a potion of ambrosia for 88 gold pieces
 27948 | Orc:2    | Bought a potion of curing for 33 gold pieces
 27948 | Orc:2    | Bought a potion of enlightenment for 55 gold pieces
 28324 | Orc:2    | Bought a crystal rapier for 225 gold pieces
 28324 | Orc:2    | Identified the +3 rapier of Dithmenos {flame, *Slow rPois
                  | Str+5} (You bought it in a shop on level 2 of the Orcish
                  | Mines)
 28324 | Orc:2    | Bought a masterwork short sword for 200 gold pieces
 28324 | Orc:2    | Identified the +8 short sword of Gowk {flame, rC+ Will++
                  | Str-4} (You bought it in a shop on level 2 of the Orcish
                  | Mines)
 28469 | D:8      | Killed Erica
 28604 | Spider:1 | Entered Level 1 of the Spider Nest
 28690 | Spider:1 | Noticed Louise
 28708 | Spider:1 | Killed Louise
 29211 | Spider:1 | Noticed Azrael
 29224 | Spider:1 | Killed Azrael
 29231 | Spider:1 | Reached skill level 10 in Stealth
 29906 | Spider:2 | Noticed Nikola
 29916 | Spider:2 | Killed Nikola
 29917 | Spider:2 | Reached XP level 18. HP: 120/120 MP: 20/24
 30377 | Spider:3 | Noticed Agnes
 30389 | Spider:3 | Killed Agnes
 30551 | Spider:3 | Got the Handbook of Frostbitten Ill Luck
 30802 | Spider:4 | Entered Level 4 of the Spider Nest
 31981 | Spider:4 | Reached skill level 15 in Stealth
 32021 | Spider:4 | Got a gossamer rune of Zot
 32753 | Shoals:1 | Entered Level 1 of the Shoals
 33535 | Shoals:2 | Reached XP level 19. HP: 124/129 MP: 25/25
 34068 | Shoals:2 | Noticed Ilsuiw
 34082 | Shoals:2 | Found a runed translucent door.
 34082 | Shoals:2 | Noticed Eugor's ghost (journeyman DECj)
 34160 | Shoals:2 | Killed Ilsuiw
 34194 | Shoals:2 | Killed Eugor's ghost
 34450 | Shoals:3 | Found a glacial archway.
 34485 | IceCv    | Entered an ice cave
 34710 | IceCv    | Noticed a shard shrike
 34720 | IceCv    | Killed a shard shrike
 34727 | IceCv    | Found the +4 skin of Zhor {*Englaciate rC+++ SInv}
 34755 | IceCv    | Identified the staff of Excruciating Pain {rPois Str-4 Ice
                  | Earth}
 35081 | IceCv    | Reached skill level 15 in Fighting
 35486 | Shoals:3 | Found Cuyfec's Weapon Boutique.
 35497 | Shoals:3 | Reached skill level 9 in Dodging
 36037 | Shoals:4 | Entered Level 4 of the Shoals
 36186 | Shoals:4 | Reached skill level 10 in Dodging
 36235 | Shoals:4 | Identified the staff of Fonliti {rCorr Conj Air}
 36250 | Shoals:4 | Found Matsy's Assorted Antiques.
 36258 | Shoals:4 | Bought a potion of mutation for 320 gold pieces
 36265 | Shoals:4 | Reached XP level 20. HP: 145/145 MP: 26/26
 36279 | Shoals:4 | Identified the staff of Turmoil {rC+ Int+3 Dex+3 Summ Ice}
 36383 | Shoals:4 | Reached skill level 11 in Dodging
 36697 | Shoals:4 | Got a barnacled rune of Zot
 36760 | Shoals:4 | Reached skill level 12 in Dodging
 37260 | Vaults:1 | Entered Level 1 of the Vaults
 37293 | Vaults:1 | Identified the serpent talisman of the Hanged Man {Dex-5
                  | Slay+5}
 37293 | Vaults:1 | Noticed Aizul
 37309 | Vaults:1 | Killed Aizul
 37324 | Vaults:1 | Identified the +0 robe of Defiance {-Tele Fly rCorr Int-5}
 39303 | Vaults:2 | Reached XP level 21. HP: 151/158 MP: 27/27
 40018 | Vaults:3 | Reached skill level 13 in Dodging
 40049 | Vaults:3 | Found a magical portal.
 40059 | WizLab   | Entered Zonguldrok's Shrine
 40425 | WizLab   | Noticed an antique champion
 40425 | WizLab   | Noticed an antique champion
 40431 | WizLab   | Identified the +7 plate armour "Weungoa" {Rampage *Slow rC+
                  | Int+3}
 40436 | WizLab   | Killed an antique champion
 40442 | WizLab   | Killed an antique champion
 40443 | WizLab   | Reached skill level 14 in Dodging
 40515 | WizLab   | Got Gloorx Vloq's Collected Works on Despair
 40746 | Vaults:3 | Reached skill level 1 in Long Blades
 40893 | Vaults:3 | Found a staircase to the Crypt.
 40992 | Vaults:3 | Reached skill level 5 in Long Blades
 41106 | Vaults:3 | Found Soet's Distillery.
 41114 | Vaults:3 | Bought a potion of curing for 54 gold pieces
 41114 | Vaults:3 | Bought a potion of invisibility for 144 gold pieces
 41114 | Vaults:3 | Bought a potion of enlightenment for 90 gold pieces
 41114 | Vaults:3 | Bought a potion of curing for 54 gold pieces
 41114 | Vaults:3 | Bought a potion of haste for 180 gold pieces
 41255 | Vaults:3 | Found the +0 pair of fencer's gloves {Riposte Dex+3}
 41262 | Vaults:3 | Paralysed by a formless jellyfish for 1 turns
 41760 | Vaults:4 | Reached XP level 22. HP: 165/165 MP: 28/28
 42180 | Vaults:4 | Noticed Mara
 42186 | Vaults:4 | Killed Mara
 42213 | Vaults:4 | Identified the orb of Glamorous Joy {*channel, rPois Str+3}
 42213 | Vaults:4 | Noticed Frederick
 42223 | Vaults:4 | Killed Frederick
 42224 | Vaults:4 | Reached skill level 10 in Long Blades
 42810 | Vaults:5 | Entered Level 5 of the Vaults
 42838 | Vaults:5 | Noticed a golden dragon
 42851 | Vaults:5 | Noticed a dread lich
 42869 | Vaults:4 | Your ally Frederick died
 42928 | Vaults:5 | Noticed a dread lich
 42928 | Vaults:5 | Noticed a dread lich
 43197 | Elf:1    | Entered Level 1 of the Elven Halls
 43200 | Elf:1    | Paralysed by an air elemental for 1 turns
 43326 | Elf:1    | Got Caaca's Vellum of Formation
 43606 | Elf:1    | Noticed Jorgrun
 43619 | Elf:1    | Killed Jorgrun
 44400 | Elf:2    | Reached skill level 15 in Dodging
 44447 | Elf:2    | Found Ducsebe's Assorted Antiques.
 44652 | Elf:2    | Bought a scroll of fear for 168 gold pieces
 44652 | Elf:2    | Bought a scroll of enchant weapon for 315 gold pieces
 44971 | Elf:2    | Reached XP level 23. HP: 162/171 MP: 29/29
 44983 | Elf:2    | Found a runed translucent gate.
 44984 | Elf:2    | Found a runed translucent gate.
 44984 | Elf:2    | Found a runed translucent gate.
 45141 | Elf:2    | Reached skill level 16 in Dodging
 45489 | Elf:3    | Entered Level 3 of the Elven Halls
 45489 | Elf:3    | Found Nippioma's Distillery.
 45575 | Elf:3    | Paralysed by an air elemental for 1 turns
 45745 | Elf:3    | Noticed Donald
 45752 | Elf:3    | Killed Donald
 45869 | Elf:3    | Reached skill level 17 in Dodging
 46278 | Elf:3    | Noticed Norris
 46287 | Elf:3    | Killed Norris
 46423 | Elf:3    | Reached skill level 18 in Dodging
 46664 | Elf:3    | Identified the staff of the Coin {rF+ Str+6 Dex-2 Fire}
 46688 | Elf:3    | Identified the +1 trident of Lilonaps {venom, Will+ Str+4}
 46761 | Elf:3    | Identified the +7 battleaxe "Jerag" {heavy, rElec Stlth+}
 46765 | Elf:3    | Got the Omnibus of the Mirage and Congelation
 46781 | Elf:3    | Identified the +10 lajatang of Ashenzari's Grace {venom,
                  | rF+ Will+ Stlth+}
 46792 | Elf:3    | Identified the +9 chain mail "Dantunuv" {MP-9 Int+4 SInv
                  | Stlth+}
 46803 | Elf:3    | Got Sif Muna's Elucidation of the Band and the Coals
 47017 | Elf:3    | Bought a potion of invisibility for 128 gold pieces
 47017 | Elf:3    | Bought a potion of cancellation for 128 gold pieces
 47017 | Elf:3    | Bought a potion of haste for 160 gold pieces
 47017 | Elf:3    | Bought 2 potions of might for 128 gold pieces
 47017 | Elf:3    | Bought a potion of invisibility for 128 gold pieces
 47017 | Elf:3    | Bought a potion of curing for 48 gold pieces
 47017 | Elf:3    | Bought a potion of mutation for 128 gold pieces
 47248 | Depths:1 | Entered Level 1 of the Depths
 47497 | Depths:1 | Reached skill level 19 in Dodging
 47781 | Depths:1 | Found a hide-covered altar of Uskayaw.
 47905 | Depths:1 | Found a gateway to Hell.
 48052 | Depths:1 | Reached XP level 24. HP: 150/177 MP: 29/29
 48156 | Depths:1 | Identified the +1 demon trident "Jifeuthred" {freeze, rF+}
 48287 | Depths:1 | Got the Catalogue of Electric Kinetic Energy
 48467 | Depths:2 | Found a one-way gate leading to the halls of Pandemonium.
 48704 | Depths:2 | Found Zittu's Armour Emporium.
 48709 | Depths:2 | Reached skill level 20 in Dodging
 48772 | Depths:2 | Found Cack's Weapon Shop.
 49308 | Depths:3 | Found a runed translucent door.
 49309 | Depths:3 | Found a runed translucent door.
 49322 | Depths:3 | Noticed a juggernaut
 49356 | Depths:3 | Killed a juggernaut
 49400 | Depths:3 | Found a runed translucent door.
 49412 | Depths:3 | Identified the +4 spear of Departure {holy, rElec rN+
                  | Str+4}
 49415 | Depths:3 | Found a runed translucent door.
 49794 | Depths:2 | Reached skill level 21 in Dodging
 50278 | Depths:3 | Found the +8 frozen axe "Frostbite" {freeze, freezing
                  | cloud, *Noise Fly rC+}
 50288 | Depths:3 | Found a one-way gate to the infinite horrors of the Abyss.
 50339 | Depths:3 | Found a one-way gateway to a ziggurat.
 50894 | Depths:3 | Found a glowing golden altar of the Shining One.
 50942 | Depths:4 | Entered Level 4 of the Depths
 51040 | Depths:4 | Reached skill level 22 in Dodging
 51092 | Depths:4 | Found a gate to the Realm of Zot.
 51101 | Depths:4 | Reached XP level 25. HP: 172/183 MP: 29/29
 51931 | Vaults:4 | Killed a dread lich
 51944 | Vaults:4 | Killed a dread lich
 52046 | Vaults:4 | Killed a dread lich
 52140 | Vaults:5 | Noticed an ancient lich
 52258 | Vaults:5 | Identified the ring "Naaturas" {rF+ Will+ rCorr}
 52262 | Vaults:5 | Got a silver rune of Zot
 52266 | Vaults:5 | Identified the +3 longbow "Cotua" {heavy, Str+2 Stlth+}
 52462 | Vaults:5 | Found the +3 Elemental Staff {ele, rElec rF+ rC+ AC+3}
 52624 | Vaults:5 | Noticed an ancient lich
 52632 | Vaults:5 | Killed an ancient lich
 52727 | Vaults:5 | Identified the +0 leather armour of Wuckiapn {+Inv Fly rC-
                  | Dex+4}
 52820 | Vaults:5 | Identified the +0 leather armour of Limitation {rCorr Str+3
                  | Slay+2}
 53102 | Vaults:5 | Got the Cyclopedia of the Violent Traveller
 53133 | Vaults:5 | Reached XP level 26. HP: 182/196 MP: 29/29
 53424 | Vaults:5 | Killed an ancient lich
 53666 | Vaults:5 | Got Gyuroin's Spellbook of Nebulous Points
 53667 | Vaults:5 | Identified the +1 hand axe "Uwkez" {vamp, rN+ Str+5 Dex+3}
 53668 | Vaults:5 | Identified the +7 dagger of Defilement {heavy, ^Drain rPois
                  | Will+++ Str-2}
 53939 | D:14     | Killed the 27-headed Lernaean hydra
 53944 | D:14     | Identified the amulet of Saneov {Faith rN+ Str-2 Int-3
                  | Dex+5}
 53948 | D:14     | Got the Encyclopedia of Illusion
 53955 | D:14     | Identified the +1 war axe "Vukikhla" {freeze, Int+4 Dex+3}
 53956 | D:14     | Identified the +1 ring mail of Divine Intervention {-Tele
                  | Harm rCorr}
 54211 | Slime:1  | Entered Level 1 of the Pits of Slime
 54270 | Slime:5  | Entered Level 5 of the Pits of Slime
 54291 | Slime:5  | Paralysed by a formless jellyfish for 1 turns
 54331 | Slime:5  | Noticed the Royal Jelly
 54368 | Slime:5  | Killed the Royal Jelly
 54413 | Slime:5  | Gained mutation: Your system is resistant to poisons.
                  | (rPois) [a shining eye]
 54418 | Slime:5  | Gained mutation: Your body sometimes deteriorates upon
                  | taking damage. [a shining eye]
 54469 | Slime:5  | Identified the +7 battleaxe "Inluuq" {venom, rN+ Stlth+}
 54487 | Slime:5  | Found the necklace of Bloodlust {Fury *Rage Will++ Int-3
                  | Slay+6}
 54528 | Slime:5  | Identified the +1 robe of Mezcal {rF+ Int+2}
 54562 | Slime:5  | Identified the +0 scale mail "Wyffad" {rElec rCorr Str-4
                  | Stlth+}
 54563 | Slime:5  | Got a starry gem with 331 turns to spare
 54567 | Slime:5  | Got a slimy rune of Zot
 55040 | Depths:4 | Voluntarily entered the Abyss.
 55124 | Abyss:4  | Found a corrupted altar of Lugonu.
 55142 | Abyss:4  | Found a corrupted altar of Lugonu.
 55152 | Abyss:4  | Found a corrupted altar of Lugonu.
 55269 | Abyss:4  | Got an abyssal rune of Zot
 55292 | Abyss:4  | Found a corrupted altar of Lugonu.
 55351 | Depths:4 | Escaped the Abyss
 55372 | Zot:1    | Entered Level 1 of the Realm of Zot
 55855 | Zot:1    | Reached skill level 23 in Dodging
 55975 | Zot:1    | Reached XP level 27. HP: 190/201 MP: 29/29
 56434 | Zot:2    | Reached skill level 5 in Throwing
 58083 | Zot:3    | Found a transporter.
 58169 | Zot:3    | Found a transporter.
 58225 | Zot:3    | Identified the +11 shortbow of Desperation {speed, rPois
                  | Int+3}
 58829 | Zot:3    | Reached skill level 24 in Dodging
 59036 | Zot:3    | Identified the ring of Lewitz Sink {rF+ rC+ Dex-4 Slay+3
                  | SInv}
 59050 | Zot:3    | Identified the ring "Mejenecs" {rC- Str+4 Int+2 Dex+6}
 59803 | Zot:4    | Reached skill level 25 in Dodging
 60279 | Zot:4    | Found the ring of the Octopus King
 60531 | Zot:4    | Identified a ring of the Octopus King {rN+ HP+2 AC+2 EV+2
                  | SH+2}
 60760 | Zot:5    | Entered Level 5 of the Realm of Zot
 60764 | Zot:5    | Noticed an orb of fire
 60774 | Zot:5    | Killed an orb of fire
 61283 | Zot:5    | Noticed an ancient lich
 61293 | Zot:5    | Killed an ancient lich
 61296 | Zot:5    | Noticed an ancient lich
 61296 | Zot:5    | Noticed an orb of fire
 61304 | Zot:5    | Killed an ancient lich
 61308 | Zot:5    | Killed an orb of fire
 61318 | Zot:5    | Noticed an orb of fire
 61327 | Zot:5    | Noticed an orb of fire
 61347 | Zot:5    | Killed an orb of fire
 61352 | Zot:5    | Killed an orb of fire
 61448 | Zot:5    | Noticed an orb of fire
 61451 | Zot:5    | Gained mutation: You have a pair of small horns on your
                  | head. [an orb of fire]
 61457 | Zot:5    | Killed an orb of fire
 61667 | Zot:5    | Noticed an orb of fire
 61675 | Zot:5    | Gained mutation: You occasionally shout uncontrollably at
                  | your foes. [an orb of fire]
 61765 | Zot:5    | Gained mutation: You frequently scream uncontrollably at
                  | your foes. [an orb of fire]
 61777 | Zot:5    | Killed an orb of fire
 61907 | Zot:5    | Noticed an ancient lich
 61937 | Zot:5    | Killed an ancient lich
 62310 | Zot:5    | Noticed an orb of fire
 62322 | Zot:5    | Killed an orb of fire
 63084 | Zot:5    | Got the Orb of Zot
 63539 | D:10     | Noticed Kodo the pandemonium lord
 63779 | D:$      | Escaped with the Orb!

Illustrated notes

Levels and vault maps discovered:
D:1:      kilobyte_arrival_exit_the_forest, layout_loops_corners
D:2:      layout_loops_cross
D:3:      minmay_general_purpose_star, layout_basic, dk_yredelemnul_ordeal,
          uniq_natasha
D:4:      layout_layer_cave, overflow_temple_1_default, minitemple,
          minmay_temple_entry_glassed_door,
          mainiacjoe_sewer_entry_somewhere_in_here_1
D:5:      layout_basic, enter_ossuary_2, gammafunk_ghost_necromancy, uniq_ijyb
D:6:      layout_cave_pools, grunt_nemelex_the_gamble, uniq_blork_the_orc
D:7:      layout_loops_ring, uniq_maurice
D:8:      layout_basic, mainiacjoe_overflow_alcove_2, uniq_erica
D:9:      minmay_the_grid_plus_closed [minmay_the_grid_minigrid_large,
          minmay_the_grid_dragon_a, minmay_the_grid_broken_lines,
          minmay_the_grid_rooms, minmay_the_grid_prize_big_room],
          layout_irregular_city, kennysheep_mini_moat, serial_co_window_serial,
          co_window_paths_a, co_window_cross_1, co_window_paths_b,
          co_window_of_opportunity_a, co_window_of_opportunity_a,
          co_window_corner_b, co_window_broadway_c, co_window_corner_b,
          glass_columns_b, glass_columns_b, glass_columns_a
D:10:     layout_rooms, kennysheep_orc_monster_closet_entryway, enter_bailey_3
D:11:     layout_loops_ring, serial_shops, shop, nicolae_shop_firing_range
D:12:     layout_rooms, serial_shops, nicolae_shop_scrapyard
D:13:     layout_rooms, david_vaults_3
D:14:     cheibrodos_ideogram_h, layout_irregular_city,
          nicolae_hydra_factorization, uniq_frances
D:15:     grunt_enter_depths_magical_seal, layout_basic, serial_curves,
          eino_curves_02, eino_curves_04, eino_curves_04, eino_curves_04,
          gammafunk_ghost_cemetery, chequers_arboretum, serial_shops, shop,
          shop, grunt_decor_resistance, serial_library_hellmonk_h_bend
Lair:1:   gammafunk_lair_enchanted_lake, layout_gridlike, gauntlet_entry_generic
Lair:2:   regret_index_malice_mire, layout_gridlike, minmay_shoals_entry_hut,
          spider_nest_entry_funnel_web, lemuel_fruit_fields,
          serial_bayou_shore_b, uniq_maggie
Lair:3:   layout_cave_pods, hangedman_lair_unloving_vines, uniq_snorg
Lair:4:   layout_regular_city, infiniplex_staircase_pool_2, lemuel_fruit_fields
Lair:5:   grunt_lair_end_beastmaster, layout_cave_pods, slime_entry_1,
          serial_rivers, chequers_serial_rivers_micro_b,
          chequers_serial_rivers_micro_c, chequers_serial_rivers_small_3,
          chequers_serial_rivers_micro_c, uniq_sonja
Shoals:1: layout_shoals
Shoals:2: layout_shoals, ebering_ghost_inner_flame, uniq_ilsuiw
Shoals:3: layout_shoals, portal_ice_cave_entry_dragon,
          nicolae_shoals_lost_giant_amphitheater, nicolae_take_the_stairs
Shoals:4: shoals_end_grunt_garden, layout_shoals, shoals_ilsuiw_ice,
          serial_shops, shop, nicolae_shoals_wave_tunnel
Spider:1: layout_spider_delve, nicolae_spider_scorpion_nest, uniq_louise,
          uniq_azrael
Spider:2: layout_spider_delve, drop_trap, uniq_nikola
Spider:3: layout_spider_delve, nicolae_spider_rock_and_or_roll, uniq_agnes
Spider:4: spider_rune_water
Slime:1:  layout_caves
Slime:2:  layout_caves
Slime:3:  layout_caves, nicolae_slime_barrier
Slime:4:  layout_caves
Slime:5:  slime_pit_nicolae_block_by_block
Orc:1:    layout_caves, nicolae_volcano_entry_vermiform, basic_altar,
          gammafunk_ghost_wrathful_warriors, hangedman_feature_mirror,
          uniq_erolcha
Orc:2:    st_orc_open, layout_caves
Elf:1:    nicolae_elf_arrival_aired_out, layout_onion_city,
          minmay_elf_demonology, uniq_jorgrun
Elf:2:    nicolae_elf_blades_crystal_corner, layout_loops_ring, serial_shops,
          nicolae_stop_n_shop_1, serial_sigils_hangedman_etch
Elf:3:    minmay_elf_hall_circle, layout_geoelf_octagon, serial_shops,
          shop_fountains, minivault_25_ag, uniq_norris, uniq_donald
Vaults:1: vaults_room_boxed, hangedman_vaults_corner,
          nicolae_vaults_little_squares_3, nicolae_vaults_trapezoid_lopsided_4,
          ontoclasm_vaults_decontamination, layout_vaults_quadrants, uniq_aizul
Vaults:2: nicolae_vaults_alarming, ontoclasm_vaults_chip, v_misc_8, v_misc_16,
          nicolae_vaults_double_plus_3, v_misc_33,
          nicolae_vaults_storage_closets_1, nicolae_vaults_tetromino_L_1,
          nicolae_vaults_mini_display_case, nicolae_vaults_border_crossing,
          nicolae_vaults_trapezoid_lopsided_3, layout_vaults_chaotic_city
Vaults:3: mu_enter_wizlab_3, hangedman_vaults_nails,
          minmay_crypt_entry_skeletal_spiral,
          nicolae_vaults_offset_grid_hallway_2, hangedman_vaults_slither,
          nicolae_vaults_storage_room_statues, nicolae_vaults_shelves_hall,
          nicolae_vaults_little_squares_4, ontoclasm_vaults_chip, v_misc_28,
          nicolae_vaults_little_ls, vaults_dpeg_spiral, hangedman_vaults_maws,
          layout_vaults_maze, serial_shops, nicolae_shop_industrial_runoff
Vaults:4: ontoclasm_vaults_gateway, st_more_cells, nicolae_vaults_wine_cellar,
          ontoclasm_vaults_tryst, ontoclasm_vaults_eye,
          nicolae_vaults_little_squares_2,
          serial_library_hellmonk_reading_circle, v_misc_31,
          nicolae_vaults_trapezoid_lopsided_3, hangedman_vaults_river_flow,
          vaults_dpeg_ring, layout_vaults_omnibox, uniq_mara, uniq_frederick
Vaults:5
Depths:1: kennysheep_four_of_diamonds, layout_basic, pf_hell_entry_great_geh,
          nicolae_uskayaw_murder_on_the_dancefloor
Depths:2: minmay_isolated_rectangles_in_corner, layout_honeycomb, serial_shops,
          nicolae_shop_crystal, rand_demon_pan_entry_3, grunt_mini_vestibule,
          hangedman_decor_clover_reticule, minmay_shop_star
Depths:3: impenetrable_vault, layout_cave_pools, enter_ziggurat_d,
          rand_demon_pan_entry_1, hell_entry, nicolae_tso_swordbearing_angel,
          abyss_entry_glasseish, minmay_misc_feat_plants
Depths:4: grunt_crosshair, layout_cave_shapes, rand_demon_pan_entry_4,
          pf_coc_iceberg, nicolae_abyss_entry_one_way_or_another
Zot:1:    layout_basic, skrybe_zot_glass_1, grunt_megastairs_2
Zot:2:    layout_gridlike, regret_index_zotdec_obsidian_hm
Zot:3:    gammafunk_dig_for_victory, layout_basic
Zot:4:    grunt_zot_stairs_faceoff, layout_cathedral_of_symmetry,
          grunt_megastairs_3
Zot:5:    layout_misc_corridors, drop_trap

Skill      XL: |  1  2  3  4  5  6  7  8  9 10 11 12 13 14 15 16 17 18 19 20 21 22 23 24 25 26 27 |
---------------+----------------------------------------------------------------------------------+-----
Short Blades   | 3 5 6 7 10 12 14 | 14.0
Fighting       | 3 4 5 6 8 9 10 11 15 17 18 20 | 20.0
Evocations     | 1 5 10 13 | 13.0
Stealth        | 2 5 6 11 15 18 | 18.0
Throwing       | 3 4 8 |  8.0
Dodging        | 8 10 12 14 15 19 22 23 25 | 25.0
Armour         | 5 8 13 17 18 20 23 | 23.3
Invocations    | 2 8 |  8.0
Long Blades    | 9 13 14 | 14.3

Action                     |  1- 3 |  4- 6 |  7- 9 | 10-12 | 13-15 | 16-18 | 19-21 | 22-24 | 25-27 || total
---------------------------+-------+-------+-------+-------+-------+-------+-------+-------+-------++-------
  Melee: Rapier            |    83 |    82 |   358 |   374 |   845 |  1757 |  1645 |   681 |  1134 ||  6959
         Dagger            |    38 |       |       |   387 |   773 |   413 |       |       |       ||  1611
         Club              |     3 |       |       |       |       |       |       |       |       ||     3
         Short sword       |    34 |    73 |   343 |       |       |       |       |       |       ||   450
         Double sword      |       |       |       |       |       |       |   137 |   829 |  1234 ||  2200
         Quick blade       |       |       |       |       |       |       |       |       |   135 ||   135
         Headbutt          |       |       |       |       |       |       |       |       |    67 ||    67
  Throw: Stone             |     4 |     3 |    19 |       |       |       |       |       |       ||    26
         Dart              |       |     7 |    12 |    10 |       |    10 |       |     2 |       ||    41
         Throwing net      |       |       |     1 |     1 |     3 |     4 |       |       |       ||     9
         Boomerang         |       |       |       |       |       |       |       |       |     1 ||     1
 Invoke: Ancestor Identity |       |       |     1 |       |       |       |       |       |       ||     1
         Recall Ancestor   |       |       |     3 |     5 |     1 |     9 |     5 |    13 |    25 ||    61
         Ancestor Life: He |       |       |     1 |       |       |       |       |       |       ||     1
         Idealise          |       |       |       |       |       |     8 |     6 |     3 |     8 ||    25
Ability: Evoke Invisibilit |       |       |       |       |       |     4 |     1 |       |       ||     5
  Evoke: Wand              |     4 |     7 |     4 |    12 |     9 |    13 |    17 |     5 |     8 ||    79
         Condenser vane    |       |       |       |       |       |     2 |     2 |     1 |       ||     5
         Phial of floods   |       |       |       |       |       |     1 |       |       |       ||     1
         Sack of spiders   |       |       |       |       |       |       |     3 |     1 |     1 ||     5
         Lightning rod     |       |       |       |       |       |       |     4 |       |       ||     4
         Phantom mirror    |       |       |       |       |       |       |     1 |     1 |       ||     2
    Use: Scroll            |       |     5 |     6 |    11 |    26 |     6 |     7 |     8 |    20 ||    89
         Potion            |       |       |       |     5 |     3 |    10 |     7 |    14 |    28 ||    67
   Stab: Sleeping          |     2 |       |     8 |     2 |     3 |       |    10 |    10 |     8 ||    43
         Distracted        |       |       |     3 |     9 |    13 |    20 |    19 |    27 |    53 ||   144
         Confused          |       |       |     5 |    18 |    26 |    25 |   125 |    69 |   115 ||   383
         Held in net/web   |       |       |       |     1 |     2 |     2 |     1 |       |     1 ||     7
         Invisible         |       |       |       |    12 |     5 |    40 |     1 |       |       ||    58
         Paralysed         |       |       |       |       |    20 |    50 |    62 |    25 |    22 ||   179
         Petrifying        |       |       |       |       |     4 |       |       |       |       ||     4
 Armour: Leather armour    |    15 |       |       |    14 |    43 |       |       |       |       ||    72
         Ring mail         |    25 |    44 |   249 |   137 |       |       |       |       |       ||   455
         Plate armour      |       |       |       |       |   386 |   848 |   218 |       |       ||  1452
         Troll leather arm |       |       |       |       |    19 |       |       |       |       ||    19
         Chain mail        |       |       |       |       |       |    18 |   323 |   455 |   633 ||  1429
  Dodge: Dodged            |    44 |    36 |   170 |   170 |   393 |   743 |   762 |   667 |  1078 ||  4063
         Repelled          |       |       |       |       |       |       |       |       |    41 ||    41
Riposte: Double sword      |       |       |       |       |       |       |     7 |   132 |   172 ||   311
         Rapier            |       |       |       |       |       |       |     7 |    99 |   161 ||   267
         Quick blade       |       |       |       |       |       |       |       |       |     8 ||     8

Table legend: (Time is in decaauts)
 A = Elapsed time spent in this place.
 B = Non-inter-level travel time spent in this place.
 C = Inter-level travel time spent in this place.
 D = Time resting spent in this place.
 E = Time spent auto-exploring this place.
 F = Levels seen in this place.
 G = Mean time per level.
                   A        B        C        D        E       F      G
               +--------+--------+--------+--------+--------+-----+--------+
         Total |  61547 |  55907 |   5640 |   3721 |  34468 |  63 |  976.9 |
       Dungeon |  18975 |  16770 |   2205 |   1578 |  10945 |  15 | 1265.0 |
          Lair |   6327 |   5642 |    685 |    254 |   4393 |   5 | 1265.4 |
        Shoals |   3693 |   3320 |    373 |    139 |   1485 |   4 |  923.2 |
   Spider Nest |   3864 |   3704 |    160 |    264 |   2526 |   4 |  966.0 |
    Slime Pits |    361 |    361 |      0 |      0 |      0 |   5 |   72.2 |
  Orcish Mines |   1792 |   1553 |    239 |      0 |   1073 |   2 |  896.0 |
   Elven Halls |   3718 |   3467 |    251 |    147 |   2234 |   3 | 1239.3 |
        Vaults |   7001 |   6420 |    581 |    394 |   4006 |   5 | 1400.2 |
        Depths |   4490 |   3762 |    728 |     81 |   2374 |   4 | 1122.5 |
           Zot |   7531 |   7117 |    414 |    560 |   4771 |   5 | 1506.2 |
         Abyss |    266 |    266 |      0 |      0 |      0 |   4 |   66.5 |
         Sewer |    767 |    767 |      0 |    142 |    177 |   1 |  767.0 |
       Ossuary |    331 |    331 |      0 |     41 |      0 |   1 |  331.0 |
        Bailey |    328 |    328 |      0 |     52 |      0 |   1 |  328.0 |
      Ice Cave |    805 |    805 |      0 |     17 |    312 |   1 |  805.0 |
       Volcano |    164 |    164 |      0 |      0 |      0 |   1 |  164.0 |
        Wizlab |    576 |    576 |      0 |     51 |     99 |   1 |  576.0 |
      Gauntlet |    552 |    552 |      0 |      0 |     72 |   1 |  552.0 |
               +--------+--------+--------+--------+--------+-----+--------+

Top non-repeatable levels by time:
     D:8: 2070 daAuts
    D:14: 1960 daAuts
   Zot:4: 1922 daAuts
   Zot:5: 1899 daAuts
Spider:4: 1726 daAuts
Vaults:4: 1684 daAuts
  Lair:2: 1682 daAuts
   Zot:2: 1639 daAuts
     D:9: 1542 daAuts
Vaults:2: 1521 daAuts
    D:15: 1503 daAuts
     D:5: 1495 daAuts
     D:4: 1454 daAuts
   Elf:3: 1415 daAuts
Vaults:5: 1324 daAuts
